cohdb
Replays
Latest Replays
All Replays
Popular Replays
Top Player Replays
Match Explorer
How It Works
Community
CoH3 Stats
Reddit
Sign in to upload your games and track your stats! →
Sign in with Steam
Match 43108687
Unlisted
Match 43108687
Overview
Messages
Build Orders
End
Panzergrenadier Squad
Selects Armored Support Battlegroup
Panzergrenadier Squad
Construct Light Support Kompanie
2.5-tonne Medical Truck
Fire Support Elements
Selects Salvage Kits
le.IG 18 Mechanized Group
Pak 38 Anti-tank Gun Team
le.IG 18 Support Gun Team
Selects Panzer Storm
Selects Veteran Gunners
Pak 38 Anti-tank Gun Team
Construct Panzerarmee Kommand
Armored Reserves
Flakvierling Half-track
Panzer III L Medium Tank
Panzer III L Medium Tank
Vehicle Survival Package
Rapid Advance
Panzergrenadier Squad
Panzerpioneer Squad
Tiger Heavy Tank
Panzerpioneer Squad
Advanced Field Repairs
Leo Major
ChuckleBerry
Vishnevelatte
Kipesh
[82AD] PaulVmax
FloppyBob
r33dys
A Chunky Chaffinch
0
0
Comments
sign in to comment!
No comments posted yet!